 Dungeon Crawl Stone Soup version 0.29-a0-359-g541a27f54d (webtiles) character file.

Game seed: 17769679139608758540

77 purpskrrrp the Cudgeller (level 4, -4/42 HPs)
             Began as a Troll Gladiator on Apr 27, 2022.
             Killed by nerve-wracking pain
             ... invoked by Grinder
              (6 damage)
             ... while paralysed by Grinder
             ... on level 3 of the Dungeon.
             The game lasted 00:25:12 (1617 turns).

purpskrrrp the Cudgeller (Troll Gladiator)          Turns: 1617, Time: 00:25:12

Health: -4/42      AC:  5    Str: 28    XL:     4   Next: 13%
Magic:  3/3        EV:  1    Int:  4    God:
Gold:   28         SH:  0    Dex: 13    Spells: 3/3 levels left

rFire   . . .      SeeInvis .   s - +0 war axe
rCold   . . .      Faith    .   (no shield)
rNeg    . . .      Spirit   .   b - +0 robe
rPois   .          Reflect  .   c - +0 hat
rElec   .          Harm     .   t - +0 cloak
rCorr   .          Rampage  .   (gloves unavailable)
Will    .....                   (boots unavailable)
Stlth   +.........              (no amulet)
HPRegen 0.94/turn               i - +4 ring of evasion
MPRegen 0.08/turn               q - +6 ring of strength

@: paralysed
A: large, unfitting armour, claws 3, regeneration 1, shaggy fur 1, tough skin 1
a: no special abilities


You were on level 3 of the Dungeon.
You visited 1 branch of the dungeon, and saw 3 of its levels.

You collected 91 gold pieces.
You spent 63 gold pieces at shops.

Inventory:

Hand Weapons
 a - a +0 flail
 f - a +0 hand axe of flaming
 g - a +0 whip
 h - a +0 mace
 k - a +0 short sword
 l - a +0 hunting sling
 o - a +2 dagger of venom
 s - a +0 war axe (weapon)
Missiles
 d - 3 throwing nets (quivered)
 e - a large rock
 m - 8 stones
 n - 4 boomerangs
Armour
 b - a +0 robe (worn)
 c - a +0 hat (worn)
 r - a +0 pair of gloves
 t - a +0 cloak (worn)
Jewellery
 i - a +4 ring of evasion (left claw)
 q - a +6 ring of strength (right claw)
Scrolls
 j - a scroll of vulnerability
 p - a scroll of torment


   Skills:
 + Level 2.2 Fighting
 + Level 1.0(2.1) Axes
 + Level 3.3(3.4) Maces & Flails
 + Level 2.1 Throwing
 + Level 2.8 Dodging


You had 3 spell levels left.
You didn't know any spells.
Your spell library contained the following spells:

 Spells                   Type           Power      Damage    Failure   Level
 Gell's Gravitas          Tloc           0%         N/A       86%         3
 Lesser Beckoning         Tloc           0%         N/A       86%         3
 Teleport Other           Tloc           0%         N/A       86%         3


Dungeon Overview and Level Annotations

Branches:
Dungeon (3/15)

Altars:

Shops:
D:2 [

Annotations:
D:3 Grinder


Innate Abilities, Weirdness & Mutations

You are too large for most types of armour.
You have claws for hands.
Your natural rate of healing is unusually fast.
You are covered in fur. (AC +1)
You have tough skin. (AC +1)


Message History

You barely miss something. Grinder misses you. The orc barely misses you.
You hear some strange, mumbled words.
A puff of flame appears from out of thin air!
The puff of flame misses you. The orc hits you with a +0 club.
Grinder hits you.
* * * LOW HITPOINT WARNING * * *
You writhe in agony.
* * * LOW HITPOINT WARNING * * *
Something hits you but does no damage.
Grinder blinks!
Something barely misses you.
Things that are here:
a +0 short sword; an orc corpse You completely miss the orc.
You barely miss something. Something barely misses you.
The orc barely misses you.
Grinder blinks!
Something hits you but does no damage.
You hit the orc.
The orc is lightly wounded.
You slash something!
Reactivating autopickup.
You feel a bit more experienced. The orc hits you but does no damage.
Your base Axes skill increases to level 1!
You have reached level 4!
You hit the orc.
You kill the orc!
Grinder says, "You look like you could use a good racking."
Grinder closely misses you.
You slash Grinder!
Grinder is severely wounded.
Grinder hits you.
You writhe in agony.
* * * LOW HITPOINT WARNING * * *
You barely miss Grinder.
Grinder is severely wounded.
Grinder gestures at you.
You suddenly lose the ability to move!
Grinder hits you.
* * * LOW HITPOINT WARNING * * *
You writhe in agony.
* * * LOW HITPOINT WARNING * * *
Grinder gestures at you. Pain shoots through your body!
You die...

........###
..........#
#.........#
#.........#
#.........#
#........#
#.....5..#
#.....@..#
#....))..#
#........#
##########


You could see Grinder.

Vanquished Creatures
  An orc wizard (D:3)
  An adder (D:2)
  A dart slug (D:2)
  2 orcs (D:3)
  7 bats
  A giant cockroach (D:1)
  2 goblins
  5 hobgoblins
  3 jackals (D:1)
  3 kobolds
  2 quokkas (D:1)
  2 ball pythons
  4 frilled lizards
  8 rats
42 creatures vanquished.

Notes
Turn   | Place    | Note
-------+----------+-------------------------------------------
     0 | D:1      | purpskrrrp the Troll Gladiator began the quest for the Orb.
     0 | D:1      | Reached XP level 1. HP: 19/19 MP: 0/0
   115 | D:1      | Reached XP level 2. HP: 28/28 MP: 1/1
   354 | D:1      | Reached skill level 3 in Maces & Flails
   603 | D:2      | Reached XP level 3. HP: 35/35 MP: 2/2
   733 | D:2      | Found Louth's Armour Shoppe.
  1028 | D:2      | Found a faded altar of an unknown god.
  1542 | D:2      | Bought a +0 cloak for 63 gold pieces
  1596 | D:3      | Noticed Grinder
  1603 | D:3      | Paralysed by Grinder for 4 turns
  1614 | D:3      | Reached skill level 1 in Axes
  1614 | D:3      | Reached XP level 4. HP: 12/42 MP: 3/3
  1616 | D:3      | Paralysed by Grinder for 5 turns
  1616 | D:3      | HP: 1/42 [Grinder (5)]
  1617 | D:3      | Killed from afar by Grinder

Illustrated notes

Levels and vault maps discovered:
D:1:      minmay_arrival_stone_box, layout_rooms, minmay_close_crescents
D:2:      layout_loops_ring, hellmonk_ecumenical_altar_arch_garden,
          serial_shops, nicolae_shop_trees
D:3:      layout_basic, nicolae_sif_muna_little_library, uniq_grinder,
          uniq_sigmund

Skill      XL: |  1  2  3 |
---------------+----------+-----
Throwing       | 2 |  2.1
Maces & Flails | 3 |  3.3
Fighting       | 2 |  2.2
Axes           | 1 |  1.0
Dodging        | |  2.8

Action                   |  1- 3 |  4- 6 || total
-------------------------+-------+-------++-------
Melee: Flail             |    82 |       ||    82
       Hand axe          |     3 |       ||     3
       War axe           |    23 |     3 ||    26
       Punch             |     1 |       ||     1
 Fire: Hunting sling     |     1 |       ||     1
Throw: Throwing net      |     1 |       ||     1
  Use: Potion            |     4 |       ||     4
       Scroll            |     4 |       ||     4
Armor: Robe              |    44 |       ||    44
Dodge: Dodged            |    81 |     1 ||    82

Table legend: (Time is in decaauts)
 A = Elapsed time spent in this place.
 B = Non-inter-level travel time spent in this place.
 C = Inter-level travel time spent in this place.
 D = Time resting spent in this place.
 E = Time spent auto-exploring this place.
 F = Levels seen in this place.
 G = Mean time per level.
                   A        B        C        D        E       F      G
               +--------+--------+--------+--------+--------+-----+--------+
         Total |   1630 |    516 |   1114 |      0 |     90 |   3 |  543.3 |
       Dungeon |   1630 |    516 |   1114 |      0 |     90 |   3 |  543.3 |
               +--------+--------+--------+--------+--------+-----+--------+

Top non-repeatable levels by time:
     D:2: 1005 daAuts
     D:1: 598 daAuts
     D:3: 26 daAuts
